 Dungeon Crawl Stone Soup version 0.25-a0-160-gd1d2e81aba (webtiles) character file.

Game seed: 16156447336537154227, levelgen mode: deterministic

125 Gargoyl the Skirmisher (level 4, -3/39 HPs)
             Began as a Centaur Abyssal Knight on Nov 21, 2019.
             Was a Believer of Lugonu.
             Slain by a wight
             ... wielding a cursed +0 long sword
              (7 damage)
             ... on level 1 of the Dungeon.
             The game lasted 00:03:46 (2211 turns).

Gargoyl the Skirmisher (Centaur Abyssal Knight)     Turns: 2211, Time: 00:03:46

Health: -3/39      AC:  8    Str: 15    XL:     4   Next: 82%
Magic:  5/5        EV:  0    Int: 11    God:    Lugonu [**....]
Gold:   100        SH:  7    Dex:  9    Spells: 3/3 levels left

rFire    . . .     SeeInvis .   a - +1 hand axe
rCold    . . .     Gourm    .   n - +1 shield
rNeg     . . .     Faith    .   g - +0 plate armour
rPois    .         Spirit   .   (no helmet)
rElec    .         Reflect  .   (no cloak)
rCorr    .         Harm     .   (no gloves)
MR       .....                  (no barding)
Stlth    ..........             f - amulet of magic regeneration
HPRegen  0.13/turn              (no ring)
MPRegen  0.34/turn              (no ring)

@: heavily drained, very quick
A: large, hooves 3, deformed body, speed 2, tough skin 3
a: Depart the Abyss, Bend Space, Renounce Religion


You were on level 1 of the Dungeon.
You worshipped Lugonu.
Lugonu was pleased with you.
You were very hungry.

You visited 1 branch of the dungeon, and saw 2 of its levels.
You visited the Abyss 1 time.

You collected 100 gold pieces.

Inventory:

Hand Weapons
 a - a +1 hand axe (weapon)
Armour
 g - a +0 plate armour (worn)
 n - a +1 shield (worn)
Jewellery
 f - an amulet of magic regeneration (around neck)
Scrolls
 b - 4 scrolls of teleportation
 d - a scroll of identify
 m - 2 scrolls of remove curse
Potions
 e - a potion of invisibility
 h - a potion of berserk rage
 i - a potion of curing {unknown}
 j - a potion of flight {unknown}
 k - a potion of brilliance {unknown}
 l - a potion of haste {unknown}
 o - 2 potions of resistance {unknown}
Comestibles
 c - 4 rations


   Skills:
 + Level 3.6(1.5) Fighting
 + Level 2.4(0.4) Axes
 * Level 2.4(0.4) Armour
 * Level 1.2(0.0) Dodging
 + Level 0.4(0.0) Shields
 * Level 2.6(0.6) Invocations


You had 3 spell levels left.
You didn't know any spells.
Your spell library was empty.

Dungeon Overview and Level Annotations

Branches:
Dungeon (2/15)

Altars:
Okawaru


Innate Abilities, Weirdness & Mutations

You have hooves in place of feet.
Armour fits poorly on your strangely shaped body.
You cover ground very quickly.
You have extremely tough skin. (AC +3)


Message History

The wight is almost destroyed.
The wight hits you with a cursed +0 long sword!
* * * LOW HITPOINT WARNING * * *
You completely miss the wight. You kick the wight, but do no damage.
The wight is almost destroyed.
The wight hits you but does no damage.
You hit the wight but do no damage.
The wight is almost destroyed.
You block the wight's attack. The wight hits you but does no damage.
You hit the wight.
The wight is almost destroyed.
You block the wight's attack.
You closely miss the wight.
The wight is almost destroyed.
The wight hits you with a cursed +0 long sword.
* * * LOW HITPOINT WARNING * * *
You closely miss the wight.
The wight is almost destroyed.
The wight hits you with a cursed +0 long sword!
You die...

#......# #.#.#
#......# #.#.#
#......# #.#.#
#......# #.#.#
#......# #.#.#
####......######.#.#
...[..........)..#.#
####......########.#
..........).....@#.###
)#####)#########z#...#
.#...#.# #.###.#
.#.#.#.# #.###.#
.....#.# #.....#
######.# #######
.......# ########


You could see a wight.

Vanquished Creatures
  A wight (D:1)
  An adder (D:2)
  2 gnolls (D:1)
  3 giant cockroaches
  8 goblins
  7 hobgoblins
  2 jackals (D:2)
  11 kobolds
  A quokka (D:2)
  3 ball pythons
  5 bats
  6 frilled lizards
  8 rats
58 creatures vanquished.

Notes
Turn   | Place    | Note
-------+----------+-------------------------------------------
     0 | Abyss:1  | Gargoyl the Centaur Abyssal Knight began the quest for the
                  | Orb.
     0 | Abyss:1  | Reached XP level 1. HP: 19/19 MP: 2/2
    18 | Abyss:1  | Found a corrupted altar of Lugonu.
    37 | Abyss:1  | Found a corrupted altar of Lugonu.
    99 | Abyss:1  | Noticed a large abomination
   100 | Abyss:1  | Noticed a ynoxinul
   138 | Abyss:2  | Noticed a shadow
   139 | D:1      | Escaped the Abyss
   199 | D:1      | Reached * piety under Lugonu
   241 | D:1      | Reached XP level 2. HP: 26/26 MP: 3/3
   476 | D:1      | Reached skill level 1 in Dodging
   561 | D:1      | Reached XP level 3. HP: 29/31 MP: 4/4
   763 | D:1      | Reached ** piety under Lugonu
  1569 | D:2      | Reached XP level 4. HP: 38/38 MP: 5/5
  1840 | D:2      | Found an iron altar of Okawaru.
  2211 | D:1      | Slain by a wight

Levels and vault maps discovered:
D:1:      enne_arrival_octagon_isle, layout_basic, hangedman_decor_opposing
D:2:      layout_basic, okawaru_trees_2

Skill      XL: |  1  2  3 |
---------------+----------+-----
Axes           | 2 |  2.4
Dodging        | 1 |  1.2
Armour         | 2 |  2.4
Fighting       | |  3.6
Shields        | |  0.4
Invocations    | |  2.6

Action                   |  1- 3 |  4- 6 || total
-------------------------+-------+-------++-------
Melee: Hand axe          |   111 |    95 ||   206
       Kick              |    16 |    17 ||    33
Invok: Depart the Abyss  |     1 |       ||     1
  Use: Scroll            |     8 |       ||     8
  Eat: Chunk             |       |     2 ||     2
Armor: Plate armour      |    90 |    65 ||   155
Dodge: Dodged            |     6 |     2 ||     8
Block: Shield            |    26 |    39 ||    65

Table legend:
 A = Non-vault XP
 B = Vault XP
 C = Vault XP percentage of total XP
 D = Non-vault monster count
 E = Vault monster count
 F = Vault count percentage of total count
                 A         B        C        D         E       F
            +---------+---------+-------+---------+---------+-------
      Total |     179 |       0 |   0.0 |      58 |       0 |   0.0
            +---------+---------+-------+---------+---------+-------
        D:1 |     133 |       0 |   0.0 |      36 |       0 |   0.0
        D:2 |      46 |       0 |   0.0 |      22 |       0 |   0.0
            +---------+---------+-------+---------+---------+-------
